 Dungeon Crawl Stone Soup version 0.31-a0-145-g046c7d2549 (webtiles) character file.

Game seed: 7280979507118056106

492 qw the Skirmisher (level 6, -2/53 HPs)
             Began as a Minotaur Hunter on June 7, 2023.
             Was a Follower of Okawaru.
             Slain by a vampire (4 damage)
             ... on level 4 of the Dungeon.
             The game lasted 00:01:10 (2589 turns).

qw the Skirmisher (Minotaur Hunter)                 Turns: 2589, Time: 00:01:11

Health: -2/53      AC:  7    Str: 15    XL:     6   Next: 91%
Magic:  2/5        EV: 14    Int:  6    God:    Okawaru [*.....]
Gold:   233        SH:  0    Dex: 16    Spells: 5/5 levels left

rFire   . . .        c - +0 arbalest
rCold   . . .        (shield currently unavailable)
rNeg    . . .        a - +0 ring mail
rPois   .            (helmet restricted)
rElec   .            (no cloak)
rCorr   .            h - +0 pair of gloves
SInv    +            (no boots)
Will    +....        (no amulet)
Stlth   +++          g - ring of see invisible
HPRegen 0.28/turn    m - ring of willpower
MPRegen 0.09/turn

%: no passive effects
@: heroic
A: horns 2, retaliatory headbutt
a: Renounce Religion, Heroism


You were on level 4 of the Dungeon.
You worshipped Okawaru.
Okawaru was aware of your devotion.
You visited 2 branches of the dungeon, and saw 6 of its levels.

You collected 233 gold pieces.


Innate Abilities, Weirdness & Mutations

You have a pair of horns on your head.
You reflexively headbutt those who attack you in melee.


   Skills:
 + Level 4.7(9.7) Fighting
 - Level 8.2(13.2) Ranged Weapons
 - Level 1.3(6.3) Armour
 - Level 2.1(7.1) Dodging
 - Level 0.7(5.7) Stealth
 + Level 0.0 Invocations


You had 5 spell levels left.
You didn't know any spells.
Your spell library was empty.

Inventory:

Hand Weapons
 c - a +0 arbalest (weapon)
 Y - a +0 shortbow of flaming
Armour
 a - a +0 ring mail (worn)
 h - a +0 pair of gloves (worn)
Jewellery
 g - a ring of see invisible (left hand)
 m - a ring of willpower (right hand)
Scrolls
 j - 2 scrolls of identify
Potions
 b - a potion of curing
 d - a potion of resistance
 e - a potion of cancellation

Dungeon Overview and Level Annotations

Branches:
Dungeon (5/15)             Temple (1/1) D:4

Altars:
Dithmenos
Elyvilon
Gozag
Kikubaaqudgha
Makhleb
Nemelex Xobeh
Okawaru
Qazlal
Sif Muna
Trog
Uskayaw
Vehumet
Wu Jian
Zin


Message History

You feel like a meek peon again. The vampire hits you! The vampire bites you.
The vampire draws strength from your injuries!
The black bear misses you. The black bear barely misses you.
The black bear claws you but does no damage.
2584 ||| STAIRDANCE The jelly hits you.
You are splashed with acid!
The vampire hits you but does no damage.
The vampire barely misses you.
The black bear goes berserk!
You climb upwards.
There is a stone staircase leading down here.
2586 ||| INVOKING Heroism.
You gain the combat prowess of a mighty hero.
The black bear closely misses you. The black bear completely misses you.
The black bear claws you. The jelly misses you. You furiously retaliate!
You headbutt the jelly. The vampire misses you.
The vampire bites you but does no damage.
You shoot a bolt. The bolt hits the black bear!
The black bear is almost dead.
The black bear bites you. The black bear barely misses you.
The black bear completely misses you. The black bear barely misses you.
The black bear misses you. The black bear claws you.
The vampire hits you but does no damage.
The vampire bites you but does no damage.
The jelly closely misses you. You furiously retaliate!
You headbutt the jelly! You shoot a bolt.
The bolt barely misses the black bear.
The black bear closely misses you. The black bear barely misses you.
The black bear claws you. The jelly hits you but does no damage.
The vampire closely misses you. The vampire barely misses you.
The black bear barely misses you. You furiously retaliate!
You headbutt the black bear.
The black bear claws you but does no damage. x2
The jelly closely misses you. The vampire barely misses you.
The vampire bites you.
The vampire draws strength from your injuries!
You shoot a bolt. The bolt hits the black bear!!
You kill the black bear!
Okawaru is honoured by your kill. The vampire hits you. The vampire bites you.
You die...

#......#.#...##
#........#...#
#..../.###...#
#.....%#######
#...........###
####............#
##....##.......#..
#V.#####.......~~~
#@............~~¤~
##J..###)....¤~~¤¤
#######...# ######~¤¤>~
#.........# ###¤~¤~¤
#.........######...~¤¤~
#..........[..##.#..¤~~
#..........##)##.##....
#..........##....#.+...
#...........###....#...


You could see a vampire (invisible) and a jelly.

Vanquished Creatures
  A wyvern (D:4)
  2 black bears
  A scorpion (D:3)
  A hound zombie (D:3)
  7 adders
  2 ufetubi
  An adder skeleton (D:3)
  2 worms
  13 dart slugs
  5 orcs
  6 bats
  4 endoplasms
  A giant cockroach (D:1)
  9 hobgoblins
  6 kobolds
  2 quokkas
  5 ball pythons
  2 frilled lizards
  7 goblins
  3 rats (D:1)
80 creatures vanquished.

Notes
Turn   | Place    | Note
-------+----------+-------------------------------------------
     0 | D:1      | qw the Minotaur Hunter began the quest for the Orb.
     0 | D:1      | Reached XP level 1. HP: 18/18 MP: 0/0
     0 | D:1      | 0 ||| qw: Version: 0.2-a-117-gc6b5c8b
     0 | D:1      | 0 ||| qw: Game counter: 2402
     0 | D:1      | 0 ||| qw: Always use a shield: true
     0 | D:1      | 0 ||| qw: God list: Okawaru
     0 | D:1      | 0 ||| qw: Allow faded altars: false
     0 | D:1      | 0 ||| qw: Do Orc after D:15 true
     0 | D:1      | 0 ||| qw: Do second Lair branch before Depths: true
     0 | D:1      | 0 ||| qw: Lair rune preference: random
     0 | D:1      | 0 ||| qw: Plans: Normal
     0 | D:1      | 0 ||| PLANNING D:1-11
   118 | D:1      | Reached XP level 2. HP: 25/25 MP: 1/1
   190 | D:1      | Reached skill level 5 in Ranged Weapons
   300 | D:1      | Reached skill level 3 in Fighting
   479 | D:1      | Reached XP level 3. HP: 31/31 MP: 2/2
   653 | D:1      | 653 ||| UPGRADING to ring of see invisible.
   654 | D:1      | 654 ||| READING scroll labelled ALAMOO AWAGE.
   655 | D:1      | 655 ||| READING 2 scrolls labelled UTIDAY IHEMU.
   656 | D:1      | 656 ||| DROPPING scroll of butterflies.
   657 | D:1      | 657 ||| DROPPING scroll of vulnerability.
   824 | D:2      | Reached XP level 4. HP: 37/38 MP: 3/3
   927 | D:2      | Reached skill level 6 in Ranged Weapons
   986 | D:2      | Found a faded altar of an unknown god.
   986 | D:2      | Noticed a floating eye
   990 | D:2      | Noticed a great orb of eyes
   994 | D:2      | Noticed a floating eye
   996 | D:2      | Noticed a great orb of eyes
  1158 | D:2      | 1158 ||| DROPPING amulet of magic regeneration.
  1159 | D:2      | 1159 ||| READING scroll labelled KONGEM FYRGHU.
  1160 | D:2      | 1160 ||| READING scroll labelled MOEPTA KIFF.
  1161 | D:2      | 1161 ||| READING scroll labelled CAXOIZXIELA.
  1162 | D:2      | 1162 ||| READING scroll labelled HEETOSUJ REUG.
  1163 | D:2      | 1163 ||| READING scroll labelled TUJEXAA SUSOIFF.
  1164 | D:2      | 1164 ||| READING 2 scrolls labelled ZACIOTU RYGIUH.
  1169 | D:2      | 1169 ||| DRINKING 2 murky ruby potions.
  1226 | D:3      | Noticed a scorpion
  1234 | D:3      | Killed a scorpion
  1235 | D:3      | Reached XP level 5. HP: 42/47 MP: 4/4
  1634 | D:3      | 1634 ||| UPGRADING to +0 ring mail.
  1644 | D:3      | 1644 ||| DROPPING +0 leather armour.
  1645 | D:3      | 1645 ||| UPGRADING to +0 pair of gloves.
  1650 | D:3      | 1650 ||| UPGRADING to ring of willpower.
  1651 | D:3      | 1651 ||| READING scroll labelled TIZOYP WU TASAPA.
  1652 | D:3      | 1652 ||| DRINKING 2 pink potions.
  1653 | D:3      | 1653 ||| DROPPING potion of enlightenment.
  1702 | D:4      | Identified the +0 chain mail of Impatience {Will+}
  1753 | D:4      | 1753 ||| SWAPPING to +0 arbalest.
  1832 | D:4      | Found a staircase to the Ecumenical Temple.
  1833 | D:4      | 1833 ||| PLANNING TEMPLE
  1833 | D:4      | 1833 ||| READING 2 scrolls of identify.
  1833 | D:4      | 1833 ||| IDENTIFYING fizzy pink potion
  1842 | Temple   | Entered the Ecumenical Temple
  1904 | Temple   | 1904 ||| PLANNING OKAWARU WORSHIP
  2098 | Temple   | Became a worshipper of Warmaster Okawaru
  2098 | Temple   | 2098 ||| PLANNING D:1-11
  2126 | D:4      | Identified the +3 scimitar "Otsuun" {drain, rC- Will+ rCorr
                  | Dex+2}
  2150 | D:4      | Reached skill level 1 in Armour
  2187 | D:4      | Noticed a wyvern
  2203 | D:4      | HP: 6/47 [wyvern (8)]
  2204 | D:4      | 2204 ||| READING scroll of teleportation.
  2204 | D:4      | HP: 2/47 [wyvern (4)]
  2205 | D:4      | 2205 ||| DRINKING potion of heal wounds.
  2352 | D:4      | HP: 4/47 [wyvern (10)]
  2353 | D:4      | Killed a wyvern
  2353 | D:4      | Reached * piety under Okawaru
  2354 | D:4      | Reached skill level 7 in Ranged Weapons
  2354 | D:4      | Reached XP level 6. HP: 5/53 MP: 5/5
  2552 | D:4      | 2552 ||| READING 4 scrolls of identify.
  2552 | D:4      | 2552 ||| IDENTIFYING green potion
  2553 | D:4      | 2553 ||| READING 3 scrolls of identify.
  2553 | D:4      | 2553 ||| IDENTIFYING bubbling orange potion
  2554 | D:4      | 2554 ||| DROPPING potion of attraction.
  2575 | D:5      | Entered Level 5 of the Dungeon
  2576 | D:5      | 2576 ||| PLANNING OSSUARY
  2576 | D:5      | 2576 ||| INVOKING Heroism.
  2576 | D:5      | Noticed a vampire
  2582 | D:5      | Reached skill level 8 in Ranged Weapons
  2584 | D:5      | 2584 ||| STAIRDANCE
  2586 | D:4      | 2586 ||| INVOKING Heroism.
  2587 | D:4      | HP: 11/53 [black bear (5)]
  2588 | D:4      | HP: 4/53 [vampire (2)]
  2589 | D:4      | Slain by a vampire

Levels and vault maps discovered:
D:1:      sevenhm_arrival_forest_fort_small_4, layout_basic,
          hangedman_decor_slide_cut
D:2:      layout_rooms, hellmonk_ecumenical_altar_watching_god
D:3:      kennysheep_slugbush, layout_rooms, serial_undead, serial_undead_a,
          serial_undead_c, serial_undead_e, serial_undead_d
D:4:      layout_basic, minmay_temple_entry_mist
D:5:      layout_cave_pools, cheibrodos_ashenzari_chains,
          grunt_temple_overflow_holy_war, nicolae_ossuary_entry_giza,
          uniq_eustachio
Temple:   minmay_temple_curvy_branch

Skill      XL: |  1  2  3  4  5  6 |
---------------+-------------------+-----
Ranged Weapons | 5 6 7 8 |  8.2
Fighting       | 3 4 |  4.7
Armour         | 1 |  1.3
Dodging        | |  2.1
Stealth        | |  0.7

Action                     |  1- 3 |  4- 6 || total
---------------------------+-------+-------++-------
   Fire: Shortbow          |    95 |    97 ||   192
         Arbalest          |       |    44 ||    44
 Invoke: Heroism           |       |     2 ||     2
    Use: Scroll            |     2 |    11 ||    13
         Potion            |       |     3 ||     3
 Armour: Leather armour    |    26 |     4 ||    30
         Ring mail         |       |    18 ||    18
  Dodge: Dodged            |    46 |    63 ||   109

Table legend:
 A = Non-vault XP
 B = Vault XP
 C = Vault XP percentage of total XP
 D = Non-vault monster count
 E = Vault monster count
 F = Vault count percentage of total count
                 A         B        C        D         E       F
            +---------+---------+-------+---------+---------+-------
      Total |     766 |      65 |   7.8 |      68 |      12 |  15.0
            +---------+---------+-------+---------+---------+-------
        D:1 |      44 |       0 |   0.0 |      28 |       0 |   0.0
        D:2 |      69 |       0 |   0.0 |      13 |       0 |   0.0
        D:3 |     121 |      65 |  34.9 |      12 |      12 |  50.0
        D:4 |     396 |       0 |   0.0 |      13 |       0 |   0.0
        D:5 |     136 |       0 |   0.0 |       2 |       0 |   0.0
            +---------+---------+-------+---------+---------+-------
